 Dungeon Crawl Stone Soup version 0.28-a0-1002-gf00fe891ef (webtiles) character file.

Game seed: 5238840085810855935

5898 ytrimaz the Martial Artist (level 10, -3/79 HPs)
             Began as an Octopode Transmuter on Dec 6, 2021.
             Was an Initiate of Gozag.
             Slain by Joseph (4 damage)
             ... on level 9 of the Dungeon.
             The game lasted 00:10:16 (10639 turns).

ytrimaz the Martial Artist (Octopode Transmuter)   Turns: 10639, Time: 00:10:17

Health: -3/79      AC:  7    Str:  9    XL:     10   Next: 82%
Magic:  0/18       EV: 16    Int: 19    God:    Gozag
Gold:   996        SH:  0    Dex: 14    Spells: 12/20 levels left

rFire   x . .      SeeInvis +     - Unarmed
rCold   + + +      Faith    .   (shield currently unavailable)
rNeg    . . .      Spirit   +   (helmet currently unavailable)
rPois   +          Reflect  .   f - amulet of guardian spirit
rElec   .          Harm     .   a - +4 ring of evasion
rCorr   +          Rampage  .   b - ring of see invisible
Will    .....      Rnd*Tele +   e - ring of poison resistance
Stlth   +.........              j - ring of resist corrosion
HPRegen 0.23/turn               (no ring)
MPRegen 0.16/turn               (no ring)
                                (no ring)
                                (no ring)

@: ice-form
A: freezing attack, boosted hp, almost no armour, amphibious, 8 rings, large,
(camouflage 1), (gelatinous body 1), (nimble swimmer 1), (tentacles), (fire
resistance 1), teleportitis 1, wild magic 1
a: End Transformation, Renounce Religion, Potion Petition, Call Merchant, Bribe
Branch


You were on level 9 of the Dungeon.
You worshipped Gozag.
Gozag was pleased with you.
You were a creature of crystalline ice.
You visited 2 branches of the dungeon, and saw 10 of its levels.

You collected 1619 gold pieces.
You paid 623 gold pieces to Gozag.

Inventory:

Jewellery
 a - a +4 ring of evasion (left front paw)
 b - a ring of see invisible (right front paw)
 e - a ring of poison resistance (on tentacle)
 f - an amulet of guardian spirit (around neck)
 j - a ring of resist corrosion (on tentacle)
Wands
 c - a wand of flame (56)
 i - a wand of mindburst (35)
Scrolls
 k - 3 scrolls of teleportation
 m - 2 scrolls of identify
 n - 2 scrolls of enchant weapon
 q - a scroll of noise
 s - a scroll of summoning
Potions
 d - a potion of brilliance
 g - a potion of lignification {unknown}
 h - a potion of haste
 l - 2 potions of flight
 o - a potion of cancellation
 p - a potion of attraction {unknown}
 r - a potion of curing


   Skills:
 + Level 5.2 Fighting
 + Level 7.0 Dodging
 + Level 10.5 Unarmed Combat
 + Level 5.5 Spellcasting
 * Level 7.2 Transmutations


You had 12 spell levels left.
You knew the following spells:

 Your Spells              Type           Power      Damage    Failure   Level
a - Beastly Appendage     Tmut           84%        N/A       1%          1
b - Spider Form           Tmut/Pois      24%        N/A       12%         3
c - Ice Form              Ice/Tmut       24%        N/A       34%         4

Your spell library contained the following spells:

 Spells                   Type           Power      Damage    Failure   Level
 Wereblood                Tmut           42%        N/A       1%          2
 Sting                    Tmut/Pois      96%        1d7       4%          1
 Poisonous Vapours        Pois/Air       12%        N/A       26%         2
 Animate Dead             Necr           3%         N/A       82%         4
 Olgreb's Toxic Radiance  Pois           6%         N/A       82%         4
 Freezing Cloud           Conj/Ice/Air   3%         6-21      98%         5
 Simulacrum               Ice/Necr       3%         N/A       100%        6
 Haunt                    Necr/Summ      3%         N/A       100%        7
 Borgnjor's Revivificati  Necr           3%         N/A       100%        8
 Infestation              Necr           3%         N/A       100%        8
 Necromutation            Tmut/Necr      12%        N/A       100%        8
 Death's Door             Necr           3%         N/A       100%        9
 Polar Vortex             Ice            3%         N/A       100%        9


Dungeon Overview and Level Annotations

Branches:
Dungeon (9/15)             Temple (1/1) D:7
   Lair: D:8-11         Orc: D:9-12

Altars:
Ashenzari
Cheibriados
Dithmenos
Elyvilon
Fedhas
Gozag
Hepliaklqana
Kikubaaqudgha
Makhleb
Nemelex Xobeh
Okawaru
Qazlal
Ru
Sif Muna
Trog
Uskayaw
Vehumet
Wu Jian
Xom
Yredelemnul
Zin
The Shining One

Shops:
D:1 [   D:6 =   D:7 [

Annotations:
D:9 1 runed translucent door, Joseph


Innate Abilities, Weirdness & Mutations

You are a creature of crystalline ice.
You have a powerful freezing melee attack.
Your maximum health is increased.
Your armour is entirely melded.
You are incapable of wielding weapons or throwing items.
You cannot wear most types of armour.
You are amphibious.
You can wear up to eight rings at the same time.
((Your skin changes colour to match your surroundings (Stealth+).))
((Your rubbery body absorbs attacks. (AC +1, EV +1)))
((You are camouflaged near water. (Stealth+)))
((You have tentacles for arms and can constrict up to eight enemies at once.))
((Your flesh is heat resistant. (rF+)))
You are occasionally teleported next to monsters.
Your spells are a little harder to cast, but a little more powerful.


Message History

Joseph is almost dead.
The gnoll is distracted by your dazzling golden aura.
The gnoll closely misses you. Joseph barely misses you.
The gnoll sergeant misses you.
The gnoll shouts!
You hit Joseph. You freeze Joseph.
Joseph is almost dead.
The gnoll hits you from afar with a +0 spear.
Joseph barely misses you.
You hit Joseph but do no damage.
Joseph is almost dead.
The gnoll sergeant throws a stone.
The stone misses you. The gnoll closely misses you.
Joseph hits you with a +0 quarterstaff.
You hit Joseph. You freeze Joseph.
Joseph is almost dead.
The gnoll sergeant throws a stone.
The stone hits you. The gnoll misses you.
You barely miss Joseph.
Joseph is almost dead.
Joseph hits you with a +0 quarterstaff. The gnoll sergeant misses you.
You hit Joseph but do no damage.
Joseph is almost dead.
The gnoll is no longer distracted by gold.
The gnoll barely misses you. x2; Joseph hits you with a +0 quarterstaff.
The gnoll sergeant hits you from afar with a +3 trident of protection!
* * * LOW HITPOINT WARNING * * *
You hit Joseph. You freeze Joseph.
Joseph is almost dead.
The gnoll hits you with a +0 flail.
* * * LOW HITPOINT WARNING * * *
The gnoll hits you from afar with a +0 spear.
* * * LOW HITPOINT WARNING * * *
Joseph hits you with a +0 quarterstaff!!
* * * LOW HITPOINT WARNING * * *
You completely miss Joseph.
Joseph is almost dead.
The gnoll sergeant closely misses you. The gnoll hits you with a +0 flail.
* * * LOW HITPOINT WARNING * * *
The gnoll barely misses you. Joseph hits you with a +0 quarterstaff.
You die...
Your body crumbles into a pile of gold.

### ..........# ...#
..........# ....#
.....[....##### ....#
..............# .$..#
.........$...###....#
##.#.gg.....# #.....# #
#......g....# #.....# #
#...@Y....###.....####
#......#(.............
....#######..).........#
... #......_...... +
#....$.......< $ $$
#)...........# $
##>###.....#### ##### $$
#..# #.....# #. ....# $$
### #..###.....####


You could see Joseph, a gnoll sergeant and 2 gnolls.

Vanquished Creatures
  A two-headed ogre (D:8)
  Prince Ribbit (D:7)
  3 wyverns
  10 yaks (D:8)
  A steam dragon (D:7)
  An acid dragon (D:9)
  A water moccasin (D:8)
  2 orc warriors (D:9)
  8 centaurs
  An ice beast (D:7)
  A sky beast (D:5)
  3 necrophages
  2 ogres
  A phantom (D:5)
  2 bullfrogs
  A scorpion (D:5)
  A wyvern skeleton (D:7)
  A water moccasin skeleton (D:5)
  5 wights (D:9)
  A howler monkey (D:9)
  2 jellies
  3 centaur zombies
  A bullfrog zombie (D:6)
  4 hounds
  3 orc priests
  3 gnoll shamans
  An iguana (D:5)
  2 orc wizards (D:9)
  A killer bee zombie (D:7)
  A howler monkey zombie (D:6)
  A howler monkey skeleton (D:6)
  17 gnolls
  4 adders
  A white imp (D:5)
  2 worms
  4 dart slugs
  18 orcs
  4 ball pythons
  3 bats
  3 endoplasms
  5 giant cockroaches
  8 goblins
  9 hobgoblins
  5 jackals
  7 kobolds
  3 quokkas
  3 frilled lizards
  6 rats
171 creatures vanquished.

Vanquished Creatures (collateral kills)
  An endoplasm (D:2)
1 creature vanquished.

Grand Total: 172 creatures vanquished

Notes
Turn   | Place    | Note
-------+----------+-------------------------------------------
     0 | D:1      | ytrimaz the Octopode Transmuter began the quest for the
                  | Orb.
     0 | D:1      | Reached XP level 1. HP: 13/13 MP: 3/3
   200 | D:1      | Reached XP level 2. HP: 18/18 MP: 3/5
   320 | D:1      | Found Tiazxynn's Armour Boutique.
   479 | D:1      | Found a faded altar of an unknown god.
   524 | D:1      | Prayed at the altar of an unknown god.
   524 | D:1      | Became a worshipper of Gozag Ym Sagoz the Greedy
   710 | D:1      | Reached XP level 3. HP: 23/23 MP: 6/6
   922 | D:2      | Learned a level 3 spell: Spider Form
  1806 | D:3      | Reached XP level 4. HP: 27/29 MP: 5/7
  2327 | D:3      | Found a hide-covered altar of Uskayaw.
  3103 | D:4      | Found a glowing silver altar of Zin.
  3253 | D:4      | Noticed a centaur
  3269 | D:4      | Killed a centaur
  3270 | D:4      | Reached skill level 4 in Unarmed Combat
  3270 | D:4      | Reached XP level 5. HP: 9/35 MP: 1/9
  3805 | D:4      | Found a sparkling altar of Nemelex Xobeh.
  3821 | D:4      | Reached XP level 6. HP: 23/41 MP: 7/10
  4344 | D:4      | Found a broken altar of Ashenzari.
  4446 | D:5      | Entered Level 5 of the Dungeon
  4538 | D:5      | Noticed a wyvern
  4556 | D:5      | Killed a wyvern
  4557 | D:5      | Reached skill level 5 in Unarmed Combat
  4557 | D:5      | Reached XP level 7. HP: 29/45 MP: 5/11
  5268 | D:5      | Reached skill level 6 in Unarmed Combat
  5268 | D:5      | Reached XP level 8. HP: 22/52 MP: 4/13
  6358 | D:6      | Learned a level 4 spell: Ice Form
  6463 | D:6      | Reached skill level 5 in Dodging
  6576 | D:6      | Reached skill level 7 in Unarmed Combat
  6857 | D:6      | Reached XP level 9. HP: 57/58 MP: 12/15
  6860 | D:6      | Gained mutation: You are partially covered in iridescent
                  | scales. (AC +2) [potion of mutation]
  6860 | D:6      | Gained mutation: You are robust. (+10% HP) [potion of
                  | mutation]
  7199 | D:7      | Found a staircase to the Ecumenical Temple.
  7224 | Temple   | Entered the Ecumenical Temple
  7621 | D:7      | Found Atsorgho's Armour Boutique.
  7638 | D:7      | Found a shimmering blue altar of Sif Muna.
  8058 | D:7      | Found a shadowy altar of Dithmenos.
  8191 | D:7      | Identified the +1 ring mail of Negligence {Str+3}
  8298 | D:7      | Noticed Prince Ribbit
  8304 | D:7      | Killed Prince Ribbit
  8305 | D:7      | Reached skill level 8 in Unarmed Combat
  8305 | D:7      | Reached skill level 5 in Transmutations
  8502 | D:8      | Noticed a two-headed ogre
  8514 | D:8      | Killed a two-headed ogre
  8974 | D:8      | Reached skill level 9 in Unarmed Combat
  8974 | D:8      | Reached skill level 5 in Spellcasting
  8974 | D:8      | Reached XP level 10. HP: 43/71 MP: 8/17
  8976 | D:8      | Reached skill level 5 in Fighting
  9550 | D:8      | Reached skill level 10 in Unarmed Combat
 10059 | D:9      | Gained mutation: You are dopey. (Int -2) [mutagenic glow]
 10117 | D:9      | Lost mutation: You are partially covered in iridescent
                  | scales. (AC +2) [potion of mutation]
 10117 | D:9      | Lost mutation: You are robust. (+10% HP) [potion of
                  | mutation]
 10117 | D:9      | Lost mutation: You are dopey. (Int -2) [potion of mutation]
 10117 | D:9      | Gained mutation: Your flesh is heat resistant. (rF+)
                  | [potion of mutation]
 10117 | D:9      | Gained mutation: You are occasionally teleported next to
                  | monsters. [potion of mutation]
 10117 | D:9      | Gained mutation: Your spells are a little harder to cast,
                  | but a little more powerful. [potion of mutation]
 10324 | D:9      | Found an iron altar of Okawaru.
 10595 | D:9      | Found a snail-covered altar of Cheibriados.
 10622 | D:9      | Noticed Joseph
 10626 | D:9      | Found a runed translucent gate.
 10639 | D:9      | HP: 1/79 [gnoll (5)]
 10639 | D:9      | Slain by Joseph

Illustrated notes

Levels and vault maps discovered:
D:1:      scummos_arrival_simple_fountains, layout_loops_ring,
          chequers_ecumenical_altar_grove, serial_shops, shop
D:2:      layout_loops_ring, chequers_arboretum
D:3:      layout_basic, nicolae_uskayaw_murder_on_the_dancefloor,
          patterned_corridor
D:4:      layout_loops_ring, nemelex_xobeh_ov_fountains_minmay,
          mainiacjoe_overflow_alcove_4, lemuel_coloured_pillars_altar,
          kennysheep_diamond, chequers_mini_garden
D:5:      layout_layer_cave, kennysheep_generic_room_9
D:6:      layout_basic
D:7:      layout_basic, lemuel_tele_altar, mainiacjoe_overflow_small_starburst,
          temple_fountains, serial_shops, shop, corexii_corridor_pit,
          uniq_prince_ribbit1
D:8:      layout_rooms
D:9:      layout_rooms, slow_altar_1, lemuel_doored_altar, ebering_ghost_gozag,
          uniq_joseph
Temple:   dpeg_chambers_temple

Skill      XL: |  1  2  3  4  5  6  7  8  9 10 |
---------------+-------------------------------+-----
Fighting       | 2 3 4 5 |  5.2
Unarmed Combat | 4 5 6 7 9 10 | 10.5
Transmutations | 3 4 6 7 |  7.2
Spellcasting   | 3 4 5 |  5.5
Dodging        | 3 4 5 6 7 |  7.0

Action                   |  1- 3 |  4- 6 |  7- 9 | 10-12 || total
-------------------------+-------+-------+-------+-------++-------
Melee: Unarmed           |    81 |   133 |   266 |   138 ||   618
       Constrict         |    24 |    23 |    15 |       ||    62
       Kick              |     5 |     2 |     6 |       ||    13
       Tentacles         |    16 |    14 |    20 |     3 ||    53
       Punch             |       |     4 |    11 |     1 ||    16
 Cast: Beastly Appendage |     6 |     4 |     5 |       ||    15
       Spider Form       |     1 |     3 |    17 |     1 ||    22
       Ice Form          |       |       |       |    10 ||    10
Invok: Call Merchant     |       |       |     1 |       ||     1
  Use: Scroll            |     1 |     2 |     2 |     2 ||     7
       Potion            |       |     6 |     2 |     2 ||    10
 Stab: Sleeping          |     6 |     5 |     2 |       ||    13
       Distracted        |       |       |     1 |       ||     1
Armor: Skin              |     1 |     4 |    16 |    17 ||    38
Dodge: Dodged            |    60 |   109 |   275 |   101 ||   545

Table legend: (Time is in decaauts)
 A = Elapsed time spent in this place.
 B = Non-inter-level travel time spent in this place.
 C = Inter-level travel time spent in this place.
 D = Time resting spent in this place.
 E = Time spent auto-exploring this place.
 F = Levels seen in this place.
 G = Mean time per level.
                   A        B        C        D        E       F      G
               +--------+--------+--------+--------+--------+-----+--------+
         Total |  10555 |  10371 |    184 |     80 |   8602 |  10 | 1055.5 |
       Dungeon |  10290 |  10125 |    165 |     80 |   8370 |   9 | 1143.3 |
        Temple |    264 |    245 |     19 |      0 |    232 |   1 |  264.0 |
               +--------+--------+--------+--------+--------+-----+--------+

Top non-repeatable levels by time:
     D:5: 1675 daAuts
     D:4: 1351 daAuts
     D:3: 1296 daAuts
     D:8: 1262 daAuts
     D:7: 1197 daAuts
     D:2: 1058 daAuts
     D:6: 864 daAuts
     D:9: 851 daAuts
     D:1: 732 daAuts
  Temple: 264 daAuts
